Map: Amygdala

Players

GangusKaun

  • Race: Protoss Protoss
  • League: Gold
  • Spawn Location: 7:00

Whassaph - Winner!

  • Race: Terran Terran
  • League: Silver
  • Spawn Location: 1:00

VOD

Have the link to the VOD?

Description

Time

  • Played on: Dec. 4, 2024, 5:17 a.m.
  • Length: 15:57
Show
View Real Time Build Order
Export as new Build Order

GangusKaun Protoss 

Build Orders:  

Get SALT Encoding   

  12  0:08  Probe  
  13  0:16  Pylon  
  13  0:20  Probe  
  14  0:32  Probe  
  15  0:37  Gateway  
  15  0:45  Probe, Assimilator  
  16  1:18  Probe  
  17  1:28  Probe  
  18  1:34  Cybernetics Core  
  18  1:36  Probe  
  18  1:44  Probe  
  20  2:09  Nexus  
  20  2:10  Pylon  
  20  2:12  Probe  
  21  2:18  Adept  
  23  2:28  Probe, Pylon  
  24  2:43  Shield Battery  
  24  2:50  Assimilator  
  24  2:52  Probe  
  25  3:04  Shield Battery  
  25  3:15  Twilight Council  
  25  3:20  Zealot  
  25  3:22  Probe  
  25  3:23  Probe  
  29  3:28  Warp Gate  
  29  3:30  Probe  
  29  3:38  Probe  
  31  3:49  Pylon  
  31  4:02  Dark Shrine  
  31  4:13  Assimilator  
  31  4:17  Blink  
  31  4:19  Probe  
  31  4:20  Shield Battery, Probe  
  33  4:31  Gateway, Probe  
  34  4:32  Probe  
  34  4:35  Gateway  
  35  4:47  Probe  
  35  4:48  Robotics Facility  
  36  5:04  Probe x2  
  37  5:30  Stalker x3  
  37  5:34  Shield Battery  
  43  5:37  Gateway  
  43  5:38  Gateway  
  43  5:45  Pylon  
  43  5:47  Probe  
  43  5:48  Probe  
  43  5:49  Warp Prism, Shield Battery  
  45  5:50  Assimilator  
  45  5:51  Shield Battery  
  45  5:53  Pylon  
  45  6:02  Stalker x2  
  51  6:20  Dark Templar  
  51  6:25  Dark Templar x2  
  57  6:39  Dark Templar x2  
  61  6:41  Probe  
  61  6:42  Probe  
  63  6:51  Pylon  
  63  6:54  Probe x2  
  61  7:24  Zealot x5  
  63  7:44  Stalker  
  63  7:45  Stalker x4  
  63  7:46  Probe  
  63  7:47  Probe  
  63  7:50  Nexus  
  75  7:55  Stargate  
  75  7:59  Probe x2  
  77  8:07  Observer  
  78  8:14  Forge, Pylon  
  78  8:28  Probe x2, Robotics Bay  
  80  8:37  Archon  
  80  8:40  Probe x2  
  82  8:42  Dark Templar x3  
  88  8:49  Archon  
  88  8:52  Probe  
  89  9:04  Immortal  
  79  9:41  Dark Templar x5  
  89  9:47  Archon  
  89  9:48  Archon  
  93  10:01  Gateway, Void Ray  
  93  10:04  Gateway  
  93  10:05  Probe x2  
  93  10:06  Shield Battery  
  93  10:07  Pylon  
  95  10:09  Pylon  
  95  10:17  Photon Cannon  
  95  10:20  Photon Cannon  
  89  10:24  Photon Cannon  
  89  10:26  Photon Cannon  
  89  10:28  Pylon  
  79  10:38  Protoss Ground Weapons Level 1  
  79  10:39  Probe x3  
  79  10:41  Charge  
  79  10:42  Warp Prism  
  82  10:45  Extended Thermal Lance  
  82  10:48  Protoss Air Weapons Level 1  
  82  11:07  Colossus  
  82  11:11  Forge  
  82  11:14  Pylon  
  82  11:15  Pylon  
  88  11:20  Photon Cannon  
  88  11:22  Photon Cannon  
  88  11:25  Photon Cannon  
  88  11:29  Photon Cannon  
  88  11:30  Probe x2  
  88  11:31  Probe  
  91  11:32  Shield Battery  
  91  11:34  Shield Battery  
  91  11:37  Pylon  
  95  11:40  Void Ray  
  95  11:43  Protoss Shields Level 1  
  95  11:48  Robotics Facility  
  95  11:50  Probe x2, Photon Cannon  
  95  11:51  Photon Cannon  
  97  12:02  Assimilator  
  97  12:03  Assimilator  
  97  12:07  Pylon  
  89  12:22  Dark Templar x4  
  85  12:36  Zealot x3  
  84  12:38  Immortal  
  74  13:03  Stalker x4  
  74  13:04  Stalker  
  56  13:41  Nexus  
  56  13:43  Pylon  
  56  13:46  Stalker x5  
  56  13:47  Gateway, Pylon  
  66  13:49  Pylon  
  66  13:51  Gateway  
  66  13:52  Immortal  
  66  13:54  Photon Cannon  
  70  13:56  Photon Cannon  
  70  14:10  Zealot x3  
  70  14:11  Zealot x2  
  76  14:33  Stargate  
  76  14:35  Stargate  
  76  14:37  Stargate  
  31  15:04  Stalker x3  
  28  15:30  Probe  
  28  15:32  Probe  
  30  15:42  Probe  
  31  15:44  Probe  
Show
View Real Time Build Order
Export as new Build Order

Whassaph Terran - Winner!

Build Orders:  

Get SALT Encoding   

  12  0:01  SCV  
  13  0:18  SCV  
  13  0:19  Supply Depot  
  14  0:31  SCV  
  15  0:44  SCV, Barracks  
  16  0:56  SCV  
  17  0:59  Refinery  
  17  1:09  SCV  
  18  1:21  Supply Depot, SCV  
  19  1:31  Marine  
  20  1:36  Command Center  
  20  1:47  Refinery  
  20  1:53  SCV  
  21  1:59  Marine  
  22  2:03  Refinery  
  22  2:05  SCV, Refinery  
  23  2:26  Supply Depot  
  23  2:28  Orbital Command  
  23  2:47  Marine  
  24  2:52  Barracks, Orbital Command  
  24  2:56  SCV  
  24  2:57  Factory  
  25  3:06  Marine  
  26  3:15  SCV  
  26  3:17  SCV  
  28  3:24  Marine  
  29  3:28  SCV  
  29  3:29  SCV  
  31  3:40  SCV  
  32  3:41  Barracks Tech Lab  
  32  3:42  Marine  
  32  3:48  SCV  
  34  3:49  Starport  
  34  3:52  SCV, Supply Depot  
  35  4:05  SCV x2  
  37  4:13  Engineering Bay  
  37  4:15  Siege Tank  
  40  4:18  Marine x2  
  40  4:20  SCV x2  
  44  4:32  Fusion Core, Starport Tech Lab  
  44  4:36  Marine x2  
  46  4:38  SCV  
  46  4:39  SCV  
  46  4:45  Orbital Command  
  48  4:51  SCV  
  49  5:08  Siege Tank  
  49  5:10  SCV  
  49  5:11  Barracks Tech Lab  
  53  5:22  Refinery  
  53  5:23  Refinery  
  53  5:26  SCV  
  54  5:35  Missile Turret  
  54  5:38  Missile Turret  
  54  5:40  Missile Turret  
  54  5:43  Missile Turret  
  54  5:59  Missile Turret  
  54  6:01  Supply Depot  
  54  6:02  Supply Depot  
  54  6:06  Missile Turret  
  54  6:07  Missile Turret  
  54  6:09  SCV x2  
  54  6:10  Siege Tank  
  59  6:17  Starport  
  59  6:19  Barracks Reactor  
  59  6:21  SCV x2  
  59  6:23  Battlecruiser  
  67  6:26  Barracks  
  67  6:31  Stimpack  
  67  6:34  SCV x2  
  69  6:46  SCV x2  
  71  6:48  Missile Turret  
  71  6:52  Missile Turret x2  
  71  6:58  SCV, Missile Turret x2  
  71  7:00  SCV, Missile Turret  
  72  7:10  SCV  
  72  7:12  SCV  
  68  7:22  SCV  
  69  7:24  SCV, Starport Tech Lab  
  69  7:33  Weapon Refit  
  69  7:34  SCV  
  69  7:37  SCV  
  69  7:39  Siege Tank  
  69  7:40  Marine x2  
  69  7:43  Barracks Tech Lab  
  76  7:44  Marauder  
  76  7:46  SCV  
  76  7:49  SCV  
  78  8:00  Armory  
  78  8:09  Command Center  
  78  8:38  SCV, Marine x2  
  78  8:40  Supply Depot x2  
  78  8:41  Supply Depot  
  81  8:50  SCV  
  82  8:55  Marine x2  
  82  9:02  Battlecruiser x2, SCV  
  97  9:08  Command Center  
  96  9:22  Planetary Fortress  
  79  9:47  Factory  
  79  9:49  Factory  
  79  9:53  Starport  
  79  10:14  Marine x2, Siege Tank  
  79  10:15  Command Center  
  81  10:32  Marine x2  
  83  10:45  Factory Tech Lab  
  83  10:48  Starport Tech Lab  
  83  10:49  Starport Reactor  
  83  10:50  Marine x2, Factory Reactor  
  85  11:08  Marine x2  
  87  11:12  Command Center x2  
  87  11:22  Battlecruiser x2  
  87  11:24  Siege Tank  
  87  11:25  Siege Tank  
  105  11:27  Marauder  
  105  11:28  Marauder, Combat Shield  
  105  11:29  Concussive Shells  
  105  11:30  Marine x2  
  111  11:45  Command Center  
  111  11:46  Terran Vehicle Weapons Level 1  
  111  11:48  Marine x2  
  111  11:49  Marauder x2  
  117  12:06  Marine x2  
  110  12:24  Marine x2  
  101  13:04  Battlecruiser x2  
  105  13:16  Orbital Command  
  105  13:18  Refinery  
  102  13:28  Orbital Command  
  102  13:31  Refinery  
  102  13:49  Command Center  
  102  14:00  Refinery  
  102  14:05  Refinery  
  102  14:08  Battlecruiser  
  108  14:11  Refinery  
  108  14:12  Refinery  
  107  14:23  Battlecruiser  
  110  14:58  Siege Tank x2  
  105  15:02  Hellion x2  
  109  15:10  SCV  
  116  15:22  SCV  
  116  15:23  SCV  
  125  15:35  SCV  
Tags
 
Matchup
PvT
Spawn Locations
Cross Positions
Add a new tag
Caveats
  • Supply blocks, unpowered buildings, or Contaminate may cause inaccurate times.
  • Supply counts are checked every 10 seconds.